Map: Moonlight Madness LE (Void)

Players

RBT - Winner!

  • Race: Protoss Protoss
  • League: Grandmaster

SticklerMac

  • Race: Zerg Zerg
  • League: Silver

VOD

Have the link to the VOD?

Description

Time

  • Played on: Sept. 28, 2015, 10:33 p.m.
  • Length: 6:23
Show
View Real Time Build Order
Export as new Build Order

RBT Protoss - Winner!

Build Orders:  

Get SALT Encoding   

  12  0:00  Probe (Chrono Boost)  
  13  0:10  Probe (Chrono Boost)  
  14  0:20  Pylon  
  14  0:22  Probe (Chrono Boost)  
  15  1:00  Gateway  
  15  1:01  Gateway  
  15  1:04  Probe (Chrono Boost), Gateway  
  16  1:14  Probe (Chrono Boost)  
  17  1:20  Assimilator  
  17  1:24  Assimilator  
  17  1:26  Probe (Chrono Boost)  
  18  1:37  Pylon  
  18  1:38  Probe (Chrono Boost)  
  19  1:55  Cybernetics Core  
  19  1:58  Probe (Chrono Boost)  
  20  2:02  Zealot  
  20  2:03  Zealot  
  20  2:07  Zealot  
  26  2:08  Probe (Chrono Boost)  
  27  2:16  Pylon  
  27  2:26  Warp Gate (Chrono Boost)  
  27  2:38  Stalker  
  27  2:44  Adept  
  31  2:46  Adept  
  33  2:53  Pylon  
  33  2:58  Probe  
  34  3:10  Probe  
  35  3:14  Gateway  
  35  3:18  Stalker x2  
  39  3:25  Stalker  
  41  3:48  Pylon  
  35  4:17  Gateway  
  35  4:23  Adept x4  
  39  4:45  Zealot x3  
  41  4:46  Zealot  
  31  5:07  Adept  
  31  5:08  Adept x3  
  31  5:13  Zealot  
  35  5:29  Adept x4  
  41  5:52  Zealot x3  
  41  5:53  Zealot x2  
  45  6:15  Adept x2  
  45  6:16  Adept x2  
Show
View Real Time Build Order
Export as new Build Order

SticklerMac Zerg 

Build Orders: Hatch First 

Get SALT Encoding   

  12  0:01  Drone  
  13  0:12  Overlord  
  13  0:18  Drone  
  14  0:31  Drone x2  
  16  0:37  Drone  
  17  0:58  Hatchery  
  17  1:01  Drone x2  
  18  1:06  Extractor  
  18  1:08  Drone  
  18  1:19  Drone  
  19  1:28  Drone  
  20  1:34  Spawning Pool  
  20  1:40  Drone  
  20  1:49  Overlord  
  20  2:04  Drone  
  21  2:11  Drone x2  
  23  2:20  Metabolic Boost  
  23  2:21  Queen  
  23  2:22  Queen  
  27  2:23  Drone x2  
  29  2:32  Baneling Nest  
  29  2:33  Drone x2  
  30  2:43  Drone  
  31  2:52  Drone  
  32  3:09  Zergling x4  
  32  3:10  Zergling x4  
  36  3:16  Overlord  
  36  3:17  Overlord  
  36  3:32  Overlord x2  
  36  3:35  Zergling x2  
  36  3:38  Zergling x4  
  36  3:39  Zergling x10  
  41  3:45  Zergling x2  
  41  3:46  Zergling x2  
  42  4:00  Zergling x2  
  42  4:01  Zergling x2  
  39  4:05  Zergling x2  
  39  4:07  Zergling x2  
  36  4:13  Zergling x16  
  44  4:27  Zergling x4  
  44  4:30  Zergling x2  
  47  4:35  Queen x2  
  47  4:38  Zergling x10  
  51  4:44  Zergling x4  
  47  4:58  Zergling x4  
  49  5:06  Zergling x4  
  46  5:23  Zergling x4  
  43  5:33  Zergling x4  
  42  5:47  Zergling x4  
  37  5:54  Zergling x12  
Tags
 
Add a new tag
Caveats
  • Supply blocks, unpowered buildings, or Contaminate may cause inaccurate times.
  • Supply counts are checked every 10 seconds.